 Dungeon Crawl Stone Soup version 0.31-a0-246-g8cbcc1cb85 (webtiles) character file.

Game seed: 4084958793508370490

121 qw the Shooter (level 4, -6/37 HPs)
             Began as a Minotaur Hexslinger on July 12, 2023.
             Mangled by a sickly merfolk siren (8 damage)
             ... in a sewer.
             The game lasted 00:00:47 (2037 turns).

qw the Shooter (Minotaur Hexslinger)                Turns: 2037, Time: 00:00:48

Health: -6/37      AC:  3    Str: 13    XL:     4   Next: 76%
Magic:  4/4        EV: 12    Int: 10    God:
Gold:   81         SH:  0    Dex: 14    Spells: 4/5 levels left

rFire   . . .        Y - +2 sling
rCold   . . .        (no shield)
rNeg    . . .        b - +0 leather armour
rPois   .            (helmet restricted)
rElec   .            (no cloak)
rCorr   .            (no gloves)
SInv    .            (no boots)
Will    .....        (no amulet)
Stlth   +            (no ring)
HPRegen 0.26/turn    (no ring)
MPRegen 0.09/turn

%: no passive effects
@: no status effects
A: horns 2, retaliatory headbutt
a: no special abilities


You were in a sewer.
You visited 1 branch of the dungeon, and saw 3 of its levels.
You also visited: Sewer.

You collected 81 gold pieces.


Innate Abilities, Weirdness & Mutations

You have a pair of horns on your head.
You reflexively headbutt those who attack you in melee.


   Skills:
 + Level 2.8 Fighting
 - Level 5.0 Ranged Weapons
 - Level 2.1 Dodging
 - Level 1.0 Spellcasting
 - Level 2.0 Hexes


You had 4 spell levels left.
You knew the following spells:

 Your Spells              Type           Power      Damage    Failure   Level
a - Slow                  Hex            16%        N/A       19%         1

Your spell library contained the following spells:

 Spells                   Type           Power      Damage    Failure   Level
 Inner Flame              Hex/Fire       2%         N/A       65%         3
 Portal Projectile        Hex/Tloc       4%         N/A       65%         3
 Cause Fear               Hex            2%         N/A       88%         4

Inventory:

Hand Weapons
 Y - a +2 sling (weapon)
Armour
 b - a +0 leather armour (worn)
Scrolls
 a - a scroll of enchant armour
 g - a scroll of identify
Potions
 d - a potion of curing

Dungeon Overview and Level Annotations

Branches:
Dungeon (3/15)              Sewer (1/1)

Altars:


Message History

The sling bullet closely misses the frilled lizard.
You feel sick.
The frilled lizard bites you but does no damage.
The sickly merfolk siren hits you!
2031 ||| DRINKING potion of heal wounds.
You feel much better.
You feel sick. The frilled lizard bites you.
The sickly merfolk siren misses you.
You shoot a sling bullet.
The sling bullet hits the frilled lizard.
You kill the frilled lizard!
You feel sick.
The sickly merfolk siren chants a haunting song.
You are mesmerised by the sickly merfolk siren!
You shoot a sling bullet.
The sling bullet hits the sickly merfolk siren.
The sickly merfolk siren is moderately wounded.
You are no longer entranced.
You feel sick.
You are no longer poisoned.
The sickly merfolk siren hits you!
The sickly merfolk siren chants a haunting song.
You resist.
You shoot a sling bullet.
The sling bullet misses the sickly merfolk siren.
The sickly merfolk siren chants a haunting song.
You resist.
You shoot a sling bullet.
The sling bullet hits the sickly merfolk siren but does no damage.
The sickly merfolk siren is moderately wounded.
The sickly merfolk siren hits you!!
You shoot a sling bullet.
The sling bullet hits the sickly merfolk siren.
The sickly merfolk siren is moderately wounded.
The sickly merfolk siren hits you.
You shoot a sling bullet.
The sling bullet hits the sickly merfolk siren.
The sickly merfolk siren is moderately wounded.
The sickly merfolk siren hits you!
You die...

## ...# ~~...
~~~...#######
~~~~~.m@....#
~~~~~~%~~##.#
###~###~~~#.# ..
###~~%############
$ #~~~~~~~%~~~~~~.
##########~~~~~~
#########
#\\~~~~.%
###~~~.##


You could see a sickly merfolk siren.

Vanquished Creatures
  2 adders (Sewer)
  4 river rats
  2 dart slugs (D:2)
  6 ball pythons
  5 endoplasms
  3 giant cockroaches
  5 hobgoblins
  7 jackals
  7 kobolds
  4 frilled lizards
  4 goblins
  16 rats
65 creatures vanquished.

Notes
Turn   | Place    | Note
-------+----------+-------------------------------------------
     0 | D:1      | qw the Minotaur Hexslinger began the quest for the Orb.
     0 | D:1      | Reached XP level 1. HP: 16/16 MP: 1/1
     0 | D:1      | 0 ||| qw: Version: 0.3-a-52-g30416fa
     0 | D:1      | 0 ||| qw: Game counter: 6407
     0 | D:1      | 0 ||| qw: Melee chars always use a shield: true
     0 | D:1      | 0 ||| qw: God list: Okawaru
     0 | D:1      | 0 ||| qw: Allow faded altars: false
     0 | D:1      | 0 ||| qw: Do Orc after clearing Dungeon:15 true
     0 | D:1      | 0 ||| qw: Do second Lair branch before Depths: true
     0 | D:1      | 0 ||| qw: Lair rune preference: random
     0 | D:1      | 0 ||| qw: Goals: Normal
     0 | D:1      | 0 ||| PLANNING D:1-11
   260 | D:1      | Reached skill level 3 in Ranged Weapons
   261 | D:1      | Reached XP level 2. HP: 11/23 MP: 2/2
   515 | D:1      | 515 ||| READING scroll labelled FAPEIRCHYAGO.
   516 | D:1      | 516 ||| READING scroll labelled JATIDGHEYDU.
   517 | D:1      | 517 ||| READING 3 scrolls labelled UHAMMY GAJU.
   518 | D:1      | 518 ||| READING scroll labelled MYECRISM GUEC.
   570 | D:1      | 570 ||| READING scroll labelled OMMOSOVEMN.
   571 | D:1      | 571 ||| READING 2 scrolls of identify.
   571 | D:1      | 571 ||| IDENTIFYING fuming yellow potion
   572 | D:1      | 572 ||| DROPPING scroll of poison.
   874 | D:1      | 874 ||| READING 2 scrolls labelled ENUANEGAICH.
   900 | D:2      | Found a faded altar of an unknown god.
   913 | D:2      | Reached XP level 3. HP: 29/29 MP: 3/3
  1148 | D:2      | Reached skill level 4 in Ranged Weapons
  1543 | D:2      | 1543 ||| UPGRADING to +0 leather armour.
  1551 | D:2      | 1551 ||| UPGRADING to +0 leather armour.
  1556 | D:2      | 1556 ||| DROPPING +0 robe.
  1559 | D:2      | 1559 ||| READING 2 scrolls of identify.
  1559 | D:2      | 1559 ||| IDENTIFYING bubbling sapphire potion
  1592 | D:3      | Found a glowing drain.
  1593 | D:3      | 1593 ||| PLANNING SEWER
  1684 | D:3      | Reached XP level 4. HP: 17/36 MP: 4/4
  1771 | Sewer    | Entered a sewer
  1773 | Sewer    | 1773 ||| Stepping ~*~*~tactically~*~*~ (water).
  1778 | Sewer    | 1778 ||| Stepping ~*~*~tactically~*~*~ (water).
  1906 | Sewer    | Reached skill level 5 in Ranged Weapons
  2030 | Sewer    | HP: 8/37 [sickly merfolk siren (17)]
  2031 | Sewer    | 2031 ||| DRINKING potion of heal wounds.
  2035 | Sewer    | HP: 2/37 [sickly merfolk siren (18)]
  2037 | Sewer    | Mangled by a sickly merfolk siren

Levels and vault maps discovered:
D:1:      minmay_arrival_hallway, layout_basic, hangedman_glass_teeth
D:2:      layout_loops_ring, hellmonk_ecumenical_altar_dog_temple,
          serial_forest, infiniplex_forest_lined_corner,
          infiniplex_forest_straight_4, infiniplex_forest_straight_4,
          infiniplex_forest_straight_4, infiniplex_forest_end_2,
          infiniplex_forest_straight_2
D:3:      layout_loops_ring, portal_sewer_entry_c, lemuel_flame_loot_1,
          uniq_robin, uniq_jessica
Sewer:    sewer_sea

Skill      XL: |  1  2  3  4 |
---------------+-------------+-----
Ranged Weapons | 3 4 5 |  5.0
Fighting       | 2 |  2.8
Dodging        | |  2.1
Spellcasting   | |  1.0
Hexes          | |  2.0

Action                     |  1- 3 |  4- 6 || total
---------------------------+-------+-------++-------
   Fire: Sling             |   123 |    67 ||   190
    Use: Scroll            |     8 |       ||     8
         Potion            |       |     1 ||     1
 Armour: Robe              |     5 |       ||     5
         Leather armour    |     3 |     9 ||    12
  Dodge: Dodged            |    48 |    25 ||    73

Table legend:
 A = Non-vault XP
 B = Vault XP
 C = Vault XP percentage of total XP
 D = Non-vault monster count
 E = Vault monster count
 F = Vault count percentage of total count
                 A         B        C        D         E       F
            +---------+---------+-------+---------+---------+-------
      Total |      71 |     102 |  59.0 |      41 |      24 |  36.9
            +---------+---------+-------+---------+---------+-------
        D:1 |      34 |       0 |   0.0 |      21 |       0 |   0.0
        D:2 |      32 |       8 |  20.0 |      17 |       4 |  19.0
        D:3 |       5 |      32 |  86.5 |       3 |       7 |  70.0
      Sewer |       0 |      62 | 100.0 |       0 |      13 | 100.0
            +---------+---------+-------+---------+---------+-------
